 Dungeon Crawl Stone Soup version 0.24-a0-373-g39439d8 (webtiles) character file.

Game seed: 1805473984919274964

6249 Deathlysoul the Geomancer (level 10, 0/59 HPs)
             Began as a Gargoyle Earth Elementalist on May 30, 2019.
             Was a Priest of Vehumet.
             Slain by an efreet
             ... wielding a +1 scimitar of flaming
              (3 damage)
             ... on level 10 of the Dungeon on May 31, 2019.
             The game lasted 00:54:17 (12751 turns).

Deathlysoul the Geomancer (GrEE)                   Turns: 12751, Time: 00:54:18

Health: 0/59       AC: 11    Str: 12    XL:     10   Next: 93%
Magic:  11/22      EV:  9    Int: 19    God:    Vehumet [***...]
Gold:   231        SH:  6    Dex: 10    Spells: 14/25 levels left

rFire    . . .     SeeInvis +   G - +5 spear (freeze)
rCold    . . .     Gourm    .   C - +0 shield
rNeg     + . .     Faith    .   c - +0 robe
rPois    ∞         Spirit   .   (no helmet)
rElec    +         Reflect  .   l - +0 cloak {+Inv}
rCorr    .         Harm     .   (no gloves)
MR       .....                  t - +0 pair of boots
Stlth    ++........             (no amulet)
HPRegen  0.19/turn              z - ring of see invisible
MPRegen  0.18/turn              (no ring)

@: no status effects
A: negative energy resistance 1, electricity resistance, unbreathing,
petrification resistance, rot immunity, AC +7
a: Renounce Religion, Evoke Invisibility


You were on level 10 of the Dungeon.
You worshipped Vehumet.
Vehumet was most pleased with you.
You were not hungry.

You visited 1 branch of the dungeon, and saw 10 of its levels.

You collected 426 gold pieces.
You spent 195 gold pieces at shops.

Inventory:

Hand Weapons
 e - a +4 whip
 w - a +1 hand axe of chopping
 y - a +0 hand axe of electrocution
 D - a +4 mace
 G - a +5 spear of freezing (weapon)
Missiles
 A - 126 stones (quivered)
Armour
 c - a +0 robe (worn)
 l - a +0 cloak of invisibility (worn)
 q - a +0 leather armour of cold resistance
 t - a +0 pair of boots (worn)
 B - the +5 scale mail of Gexzesm {rPois Regen+, unknown}
   (You found it on level 8 of the Dungeon)

   It protects you from poison.
   It increases your rate of regeneration.
 C - a +0 shield (worn)
Jewellery
 x - an uncursed ring of positive energy {unknown}
 z - a ring of see invisible (left hand)
 E - an uncursed ring of magical power {unknown}
Wands
 f - a wand of enslavement (8)
 s - a wand of acid (10)
Scrolls
 a - a scroll of random uselessness {unknown}
 g - 3 scrolls of identify
 h - a scroll of immolation {unknown}
 i - a scroll of fog {unknown}
 j - a scroll of enchant armour {unknown}
 k - 2 scrolls of remove curse
 o - 4 scrolls of enchant weapon {unknown}
 p - a scroll of amnesia {unknown}
 r - a scroll of teleportation {unknown}
 v - a scroll of blinking {unknown}
Potions
 b - a potion of flight
 m - 3 potions of haste
 n - 5 potions of agility
 u - 3 potions of brilliance
 H - 2 potions of degeneration {unknown}
Comestibles
 d - 10 rations


   Skills:
 - Level 5.0 Fighting
 - Level 4.0(5.0) Axes
 - Level 4.9(5.7) Maces & Flails
 * Level 0.4(2.5) Polearms
 - Level 1.5 Dodging
 - Level 2.1 Stealth
 * Level 8.2 Spellcasting
 * Level 5.8 Conjurations
 - Level 2.0 Translocations
   Level 0.7 Transmutations
 * Level 11.0 Earth Magic


You had 14 spell levels left.
You knew the following spells:

 Your Spells              Type           Power        Failure   Level  Hunger
a - Sandblast             Erth           #####.       1%          1    None
b - Stone Arrow           Conj/Erth      #####.       1%          3    None
c - Lee's Rapid Deconstr  Erth           #####.....   5%          5    #####..
d - Blink                 Tloc           N/A          38%         2    None

Your spell library contained the following spells:

 Spells                   Type           Power        Failure   Level  Hunger
 Ignite Poison            Fire/Tmut/Pois #.......     38%         3    None
 Magic Dart               Conj           ####         1%          1    None
 Flame Tongue             Conj/Fire      ###..        5%          1    None
 Throw Flame              Conj/Fire      ###...       8%          2    None
 Passwall                 Tmut/Erth      ####....     9%          2    None
 Conjure Flame            Conj/Fire      ###.....     16%         3    None
 Mephitic Cloud           Conj/Pois/Air  ###.....     21%         3    None
 Inner Flame              Hex/Fire       #.......     41%         3    None
 Sticky Flame             Conj/Fire      ###.....     41%         4    ###....
 Petrify                  Tmut/Erth      ####....     50%         4    ###....
 Pain                     Necr           #...         54%         1    None
 Call Imp                 Summ           #.......     67%         2    None
 Slow                     Hex            #.......     67%         2    None
 Fireball                 Conj/Fire      ###.......   75%         5    #####..


Dungeon Overview and Level Annotations

Branches:
Dungeon (10/15)            Temple (0/1) D:6            Lair (0/6) D:9
    Orc (0/2) D:9

Altars:
Cheibriados
Fedhas
Gozag
Kikubaaqudgha
Ru
Sif Muna
Vehumet
Wu Jian
The Shining One

Shops:
D:7 =

Annotations:
D:5 2 exclusions
D:6 exclusion: downstairs
D:7 1 transporter
D:8 exclusions: downstairs, two-headed ogre and 5 more exclusions
D:9 orcish mines


Innate Abilities, Weirdness & Mutations

You are resistant to torment.
Your stone body is resilient. (AC +7)
You are immune to poison.
You resist negative energy. (rN+)
You are resistant to electric shocks. (rElec)
You can survive without breathing.
You are immune to petrification.
You are immune to rotting.


Message History

Aiming: Stone Arrow (safe; 1% risk of failure)
Press: ? - help, Shift-Dir - straight line, f/p - efreet
Aim: an efreet, wielding a +1 scimitar of flaming (moderately wounded)
The stone arrow hits the efreet!
The efreet is heavily wounded.
The efreet hits you with a +1 scimitar of flaming!
* * * LOW HITPOINT WARNING * * *
The efreet burns you.
* * * LOW HITPOINT WARNING * * *
Casting: Stone Arrow (safe; 1% risk of failure)
Confirm with . or Enter, or press ? or * to list all spells.
Aiming: Stone Arrow (safe; 1% risk of failure)
Press: ? - help, Shift-Dir - straight line, f/p - efreet
Aim: an efreet, wielding a +1 scimitar of flaming (heavily wounded)
The stone arrow hits the efreet.
The efreet is severely wounded.
The efreet hits you with a +1 scimitar of flaming!
* * * LOW HITPOINT WARNING * * *
The efreet burns you.
You die...

#..##.#####.# #..#
#.##.# ##.
#..#.#.#.# ##
#..#.#.## #
#..#.#.'## #
#..#.#.#.# #
...####..#.#.#.##
##
........R#.#.##.##
##.
#@##.#..##.#####.#
#....#...##.....##
#####..###.....###
##..##.....####.
#..##.#####.##..
#.##.#.....#.#.#
#.#.#..###..#...
#.#.#.#...#.#...
#.'.#.#.#.#.#..#


You could see an efreet.

Vanquished Creatures
  A two-headed ogre (D:10)
  2 trolls (D:10)
  Grinder (D:3)
  2 hippogriffs
  2 wargs (D:9)
  A water moccasin (D:7)
  An ice beast (D:10)
  6 orc warriors
  A hornet zombie (D:6)
  3 sky beasts
  2 phantoms (D:5)
  5 ogres
  5 centaurs
  A big kobold (D:9)
  3 bullfrogs
  A gnoll sergeant (D:10)
  3 scorpions
  5 wights (D:10)
  5 crimson imps
  3 centaur zombies
  A bullfrog zombie (D:3)
  A jelly (D:10)
  10 orc priests
  3 hounds
  4 bullfrog skeletons
  8 orc wizards
  4 iguanas
  Natasha (twice) (D:3)
  2 worker ants
  A killer bee zombie (D:9)
  2 hound skeletons
  Robin (D:3)
  A howler monkey zombie (D:5)
  4 gnolls
  8 adders
  An ooze (D:2)
  2 adder zombies (D:9)
  2 adder skeletons
  3 worms
  2 dart slugs (D:3)
  5 leopard geckos
  32 orcs
  6 giant cockroaches
  19 goblins
  10 hobgoblins
  4 jackals
  4 quokkas
  2 ball pythons
  10 bats
  3 frilled lizards
  A jackal zombie (D:2)
  11 kobolds
  A leopard gecko zombie (D:5)
  A quokka skeleton (D:3)
  7 rats
231 creatures vanquished.

Vanquished Creatures (others)
  An orc (D:9)
1 creature vanquished.

Grand Total: 232 creatures vanquished

Notes
Turn   | Place    | Note
-------+----------+-------------------------------------------
     0 | D:1      | Deathlysoul the Gargoyle Earth Elementalist began the quest
                  | for the Orb.
     0 | D:1      | Reached XP level 1. HP: 10/10 MP: 3/3
   343 | D:1      | Reached XP level 2. HP: 15/15 MP: 1/5
   344 | D:1      | Reached skill level 4 in Earth Magic
   733 | D:1      | Reached XP level 3. HP: 13/19 MP: 6/6
   746 | D:1      | Learned a level 3 spell: Stone Arrow
  1373 | D:2      | Reached skill level 1 in Conjurations
  1596 | D:2      | You fall into a shaft and drop 1 floor!
  1601 | D:3      | Reached XP level 4. HP: 24/24 MP: 4/8
  1714 | D:2      | Found an ornate altar of the Wu Jian Council.
  2202 | D:3      | Found an ancient bone altar of Kikubaaqudgha.
  2202 | D:3      | Found a deep blue altar of Sif Muna.
  2205 | D:3      | Found a radiant altar of Vehumet.
  2218 | D:3      | Identified Kikubaaqudgha's Volume of Black Arts
  2233 | D:3      | Became a worshipper of Vehumet
  2369 | D:3      | Noticed Grinder
  2379 | D:3      | Reached skill level 5 in Earth Magic
  2389 | D:3      | Killed Grinder
  2389 | D:3      | Reached XP level 5. HP: 7/28 MP: 2/11
  2389 | D:3      | Reached XP level 6. HP: 9/32 MP: 2/12
  2626 | D:3      | Learned a level 5 spell: Lee's Rapid Deconstruction
  2629 | D:3      | Learned a level 2 spell: Blink
  2751 | D:3      | Noticed Natasha
  2760 | D:3      | Killed Natasha
  2838 | D:3      | Noticed Natasha
  2842 | D:3      | Killed Natasha
  2842 | D:3      | Reached skill level 6 in Earth Magic
  3109 | D:3      | Noticed Robin
  3113 | D:3      | Reached * piety under Vehumet
  3113 | D:3      | Offered knowledge of Shock by Vehumet.
  3127 | D:3      | Killed Robin
  3733 | D:4      | Reached XP level 7. HP: 34/36 MP: 13/13
  3798 | D:4      | Found a snail-covered altar of Cheibriados.
  4143 | D:4      | Found a sacrificial altar of Ru.
  4228 | D:4      | Found a deep blue altar of Sif Muna.
  4711 | D:5      | Entered Level 5 of the Dungeon
  4785 | D:4      | Reached skill level 7 in Earth Magic
  4805 | D:5      | Reached skill level 5 in Spellcasting
  4805 | D:5      | Reached skill level 1 in Translocations
  4805 | D:5      | Reached XP level 8. HP: 37/41 MP: 2/15
  5077 | D:4      | Reached skill level 5 in Conjurations
  5313 | D:5      | Reached skill level 1 in Fighting
  5403 | D:5      | Reached skill level 1 in Maces & Flails
  5437 | D:5      | Found an opulent altar of Gozag.
  5444 | D:5      | Reached ** piety under Vehumet
  5444 | D:5      | Offered knowledge of Throw Frost by Vehumet.
  5609 | D:5      | Reached skill level 8 in Earth Magic
  5629 | D:5      | Found a blossoming altar of Fedhas.
  5898 | D:5      | Reached XP level 9. HP: 49/49 MP: 6/17
  6272 | D:6      | HP: 1/51 [orc priest/divine providence (14)]
  6580 | D:5      | Offered knowledge of Dazzling Spray by Vehumet.
  7009 | D:6      | Found a staircase to the Ecumenical Temple.
  7197 | D:6      | Reached skill level 9 in Earth Magic
  7750 | D:7      | Reached *** piety under Vehumet
  7906 | D:7      | Noticed a two-headed ogre
  8211 | D:7      | Found Dofrezef's Jewellery Boutique.
  8216 | D:7      | Bought an uncursed ring of see invisible for 195 gold
                  | pieces
  8260 | D:7      | Found a transporter.
  8263 | D:7      | Noticed a yaktaur
  8264 | D:7      | Found a glowing golden altar of the Shining One.
  8277 | D:7      | Noticed a troll
  8549 | D:8      | Got a jewelled scale mail
  8760 | D:8      | Noticed a two-headed ogre
  8938 | D:8      | Reached skill level 5 in Fighting
  9465 | D:9      | Offered knowledge of Ignite Poison by Vehumet.
  9529 | D:9      | Reached skill level 1 in Axes
  9529 | D:9      | Reached XP level 10. HP: 54/59 MP: 5/20
  9856 | D:9      | Found a staircase to the Lair.
  9933 | D:10     | Entered Level 10 of the Dungeon
 10045 | D:10     | Reached skill level 10 in Earth Magic
 10261 | D:9      | Noticed a two-headed ogre
 10264 | D:9      | Found a staircase to the Orcish Mines.
 11812 | D:10     | Killed a two-headed ogre
 12606 | D:10     | Reached skill level 11 in Earth Magic
 12751 | D:10     | Slain by an efreet

Levels and vault maps discovered:
D:1:      matt_arrival_spirals, layout_loops_ring, minmay_tromino_v4_c
D:2:      layout_basic, overflow_temple_1_default
D:3:      layout_loops_corners, grunt_temple_overflow_magic_moments,
          uniq_grinder, uniq_natasha, uniq_robin
D:4:      layout_basic, cheibriados_altar_1, kennysheep_mini_moat, first_ration,
          lemuel_blue_sif_altar
D:5:      layout_basic, fedhas_altar_4, lemuel_doored_altar
D:6:      layout_loops_cross, temple_statues
D:7:      layout_rooms, gammafunk_temple_overflow_arena,
          gammafunk_temple_overflow_elements, serial_shops,
          kennysheep_little_box, grunt_livestock, st_stairs_14
D:8:      layout_basic
D:9:      layout_gridville, erik_lair_orcish_takeover, david_orc_3
D:10:     minmay_the_grid_octo_triangle [minmay_the_grid_octo_concentric,
          minmay_the_grid_octo_prize_single_spiral,
          minmay_the_grid_octo_checkerflower], layout_basic,
          makhleb_altar_promises_db

Skill      XL: |  1  2  3  4  5  6  7  8  9 10 |
---------------+-------------------------------+-----
Earth Magic    | 4 5 6 7 8 9 11 | 11.0
Conjurations   | 1 3 4 5 |  5.8
Spellcasting   | 4 5 7 8 |  8.2
Translocations | 1 2 |  2.0
Fighting       | 2 5 |  5.0
Maces & Flails | 2 4 |  4.9
Axes           | 1 4 |  4.0
Polearms       | |  0.4
Dodging        | |  1.5
Stealth        | |  2.1
Transmutations | |  0.7

Action                   |  1- 3 |  4- 6 |  7- 9 | 10-12 || total
-------------------------+-------+-------+-------+-------++-------
Melee: Dagger            |    14 |       |       |       ||    14
       Whip              |    87 |    86 |    50 |       ||   223
       Hand axe          |       |       |    23 |    79 ||   102
 Cast: Sandblast         |    34 |    29 |    70 |       ||   133
       Stone Arrow       |       |    10 |   100 |   103 ||   213
       Blink             |       |     1 |    11 |     4 ||    16
       Lee's Rapid Decon |       |       |     3 |     3 ||     6
Evoke: Wand              |       |       |       |     1 ||     1
  Use: Scroll            |       |       |     8 |     3 ||    11
       Potion            |       |       |     1 |     1 ||     2
 Stab: Sleeping          |       |     1 |     2 |       ||     3
  Eat: Chunk             |     3 |     4 |    15 |     3 ||    25
       Ration            |       |     1 |     2 |     3 ||     6
Armor: Robe              |    38 |    42 |    52 |    49 ||   181
Dodge: Dodged            |    88 |    61 |   120 |    67 ||   336
Block: Shield            |       |       |       |    18 ||    18

Table legend:
 A = Non-vault XP
 B = Vault XP
 C = Vault XP percentage of total XP
 D = Non-vault monster count
 E = Vault monster count
 F = Vault count percentage of total count
                 A         B        C        D         E       F
            +---------+---------+-------+---------+---------+-------
      Total |    7146 |    1782 |  20.0 |     198 |      33 |  14.3
            +---------+---------+-------+---------+---------+-------
        D:1 |      35 |       4 |  10.3 |      22 |       2 |   8.3
        D:2 |      50 |       0 |   0.0 |      25 |       0 |   0.0
        D:3 |     154 |     366 |  70.4 |      24 |      13 |  35.1
        D:4 |     419 |       0 |   0.0 |      11 |       0 |   0.0
        D:5 |    1772 |       0 |   0.0 |      39 |       0 |   0.0
        D:6 |     656 |       0 |   0.0 |      20 |       0 |   0.0
        D:7 |     522 |       0 |   0.0 |      14 |       0 |   0.0
        D:8 |     415 |      40 |   8.8 |       6 |       1 |  14.3
        D:9 |     786 |     643 |  45.0 |      18 |      11 |  37.9
       D:10 |    2337 |     729 |  23.8 |      19 |       6 |  24.0
            +---------+---------+-------+---------+---------+-------
